 Dungeon Crawl Stone Soup version 0.28.0-45-g0d030f2227 (webtiles) character file.

Game seed: 9857360281233863490

39 GreyArmor the Slasher (level 3, 0/43 HPs)
             Began as a Human Cinder Acolyte on Apr 13, 2022.
             Was a High Priest of Ignis.
             Succumbed to an adder's poison
             ... on level 2 of the Dungeon.
             The game lasted 00:07:30 (2534 turns).

GreyArmor the Slasher (Human Cinder Acolyte)        Turns: 2534, Time: 00:07:30

Health: 0/43       AC: 21    Str: 20    XL:     3   Next: 70%
Magic:  4/4        EV:  2    Int: 16    God:    Ignis [*****.]
Gold:   77         SH:  9    Dex:  8    Spells: 4/4 levels left

rFire   + . .      SeeInvis .   a - -1 falchion (flame)
rCold   + . .      Faith    .   h - +0 tower shield {rC+}
rNeg    . . .      Spirit   .   (armour currently unavailable)
rPois   +          Reflect  .   (helmet currently unavailable)
rElec   .          Harm     .   (cloak currently unavailable)
rCorr   .          Rampage  .   (gloves currently unavailable)
Will    .....      NoTele   +   (boots currently unavailable)
Stlth   +.........              (no amulet)
HPRegen 0.14/turn               g - +6 ring of strength
MPRegen 0.09/turn               (no ring)

@: brilliant, lethally poisoned (0 -> -1), tree-form
A: stationary, stasis, torment immunity, boosted hp
a: Renounce Religion, Fiery Armour, Foxfire Swarm, Rising Flame


You were on level 2 of the Dungeon.
You worshipped Ignis.
Ignis was extremely pleased with you.
You were a tree.
You visited 1 branch of the dungeon, and saw 2 of its levels.

You collected 77 gold pieces.

Inventory:

Hand Weapons
 a - a -1 falchion of flaming (weapon)
Missiles
 e - 4 javelins (quivered)
Armour
 b - a +0 robe (melded)
 h - a +0 tower shield of cold resistance (worn)
Jewellery
 g - a +6 ring of strength (left branch)
Scrolls
 d - a scroll of identify
Potions
 f - a potion of brilliance


   Skills:
 + Level 3.3 Fighting
 + Level 3.5 Long Blades
 + Level 1.0 Dodging
 + Level 0.3 Shields
 + Level 1.0 Spellcasting
 + Level 3.3 Fire Magic


You had 4 spell levels left.
You didn't know any spells.
Your spell library contained the following spells:

 Spells                   Type           Power      Damage    Failure   Level
 Scorch                   Fire           34%        2d6       83%         2
 Magic Dart               Conj           4%         1d3       99%         1
 Searing Ray              Conj           2%         2d4       99%         2
 Confusing Touch          Hex            1%         N/A       100%        3
 Fulminant Prism          Conj/Hex       0%         3d6       100%        4
 Yara's Violent Unravell  Hex/Tmut       0%         3d3       100%        5
 Enfeeble                 Hex            0%         N/A       100%        7


Dungeon Overview and Level Annotations

Branches:
Dungeon (2/15)

Altars:


Message History

The quokka bites you. You block the quokka's attack.
You closely miss the quokka.
The quokka is severely wounded.
The quokka misses you. The quokka bites you.
You closely miss the quokka.
The quokka is severely wounded.
The quokka bites you. x2
You closely miss the quokka.
The quokka is severely wounded.
You block the quokka's attack. x2
You closely miss the quokka.
The quokka is severely wounded.
The quokka bites you. The quokka closely misses you.
You hit the quokka. You burn the quokka.
You kill the quokka!
The adder barely misses you.
Your Dodging skill increases to level 1!
You barely miss the adder. The adder bites you. x2
* * * LOW HITPOINT WARNING * * *
You are lethally poisoned!
The adder poisons you!
* * * LOW HITPOINT WARNING * * *
You feel sick. You block the adder's attack.
It was a potion of brilliance.
You feel clever all of a sudden.
* * * LOW HITPOINT WARNING * * *
You feel sick. You block the adder's attack.
It was a potion of lignification.
You turn into a tree.
Your +0 robe melds into your body.
Your roots penetrate the ground.
You feel sick. You block the adder's attack.
As you read the scroll labelled HIYSUSSASHRO, it crumbles to dust.
You feel a surge of unholy energy.
The adder convulses!
It was a scroll of torment.
You feel sick. You block the adder's attack. The rat bites you.
* * * LOW HITPOINT WARNING * * *
The adder bites you but does no damage.
As you read the scroll labelled ECIMEURUXI, it crumbles to dust.
It is a scroll of identify.
You don't have any unidentified items.
You die...

##### #########
#...### #.......#
#...##.
###.......#####...##.
#.+.......'...'...''.
#.#.♣.....#####...##.
#..rS.....# #...##.
####'####### #...##.
#......# #######
#......# #......# ##
#......# #. #......#
####. #......# #....


You could see an adder and a rat.

Vanquished Creatures
  A worm (D:2)
  3 ball pythons (D:1)
  4 bats
  5 endoplasms
  3 giant cockroaches (D:1)
  5 goblins
  4 hobgoblins
  A kobold (D:2)
  A quokka (D:2)
  2 frilled lizards (D:1)
29 creatures vanquished.

Notes
Turn   | Place    | Note
-------+----------+-------------------------------------------
     0 | D:1      | GreyArmor the Human Cinder Acolyte began the quest for the
                  | Orb.
     0 | D:1      | Reached XP level 1. HP: 18/18 MP: 2/2
   374 | D:1      | Reached XP level 2. HP: 11/24 MP: 3/3
  1431 | D:1      | Found a faded altar of an unknown god.
  1556 | D:1      | Reached XP level 3. HP: 19/29 MP: 4/4
  2529 | D:2      | Reached skill level 1 in Dodging
  2533 | D:2      | HP: 1/43 [rat (2)]
  2534 | D:2      | Succumbed to an adder's poison

Illustrated notes

Levels and vault maps discovered:
D:1:      mushboom_english_gardens, layout_loops_cross,
          shapermc_ecumenical_altar_mp_vishouse, chequers_jeans
D:2:      layout_basic, minmay_statues_item, uniq_sigmund

Skill      XL: |  1  2  3 |
---------------+----------+-----
Dodging        | 1 |  1.0
Fighting       | |  3.3
Long Blades    | |  3.5
Shields        | |  0.3
Spellcasting   | |  1.0
Fire Magic     | |  3.3

Action                   || total
-------------------------++-------
Melee: Falchion          ||   118
  Use: Scroll            ||     2
       Potion            ||     2
Armor: Robe              ||    35
       Skin              ||     1
Dodge: Dodged            ||    73
Block: Tower shield      ||    35
